 Dungeon Sprint DCSS version 0.28.0-47-ge53b351184 (webtiles) character file.

Game seed: 18058032539181627906

936 GigaChad the Fighter (level 7, 0/77 HPs)
             Began as a Minotaur Fighter on May 2, 2022.
             Was an Initiate of Ashenzari.
             Slain by a wolf (2 damage)
             ... in the Dungeon (Sprint VII: "The Pits").
             The game lasted 00:02:03 (1094 turns).

GigaChad the Fighter (Minotaur Fighter)             Turns: 1094, Time: 00:02:05

Health: 0/77       AC:  9    Str: 20    XL:     7   Next: 87%
Magic:  6/6        EV: 10    Int:  5    God:    Ashenzari [......]
Gold:   0          SH:  6    Dex: 12    Spells: 6/6 levels left

rFire   . . .      SeeInvis .   m - +2 falchion "Gloom of Ashenzari" {Self, Cun} (curse)
rCold   . . .      Faith    .   c - +0 buckler
rNeg    . . .      Spirit   .   b - +0 scale mail
rPois   .          Reflect  .   (helmet restricted)
rElec   .          Harm     .   (no cloak)
rCorr   .          Rampage  .   (no gloves)
Will    .....      NoTele   +   (no boots)
Stlth   ..........              (no amulet)
HPRegen 0.22/turn               (no ring)
MPRegen 0.10/turn               (no ring)

@: no status effects
A: horns 2, retaliatory headbutt
a: Renounce Religion, Shatter the Chains


You were in the Dungeon.
You worshipped Ashenzari.
Ashenzari was noncommittal.
You visited 1 branch

Inventory:

Hand Weapons
 a - a +0 long sword
 k - a +2 quarterstaff
 l - a +2 trident
 m - the cursed +2 falchion "Gloom of Ashenzari" (weapon) {Self, Cun}
   (You found it in the Dungeon)

   It has a curse which improves the following skills: Introspection: Fighting
   and Spellcasting.
   Cunning:   Dodging and Stealth.
Armour
 b - a +0 scale mail (worn)
 c - a +0 buckler (worn)
Scrolls
 j - a scroll of blinking
 o - 5 scrolls of amnesia
 p - a scroll of summoning
 q - 2 scrolls of vulnerability
Potions
 d - a potion of might
 e - a potion of curing
 f - a potion of heal wounds
 g - a potion of haste
 h - 4 potions of magic
 i - 3 potions of berserk rage
 n - 2 potions of invisibility


   Skills:
 + Level 11.7(12.1) Fighting
 + Level 9.4 Long Blades
 + Level 11.0 Armour
 + Level 1.8(2.1) Dodging
 + Level 10.9 Shields


You had 6 spell levels left.
You didn't know any spells.
Your spell library was empty.

Dungeon Overview and Level Annotations

Branches:
Dungeon (1/1)

Altars:
Ashenzari
Cheibriados
Dithmenos
Elyvilon
Fedhas
Gozag
Hepliaklqana
Kikubaaqudgha
Makhleb
Nemelex Xobeh
Okawaru
Qazlal
Ru
Sif Muna
Trog
Uskayaw
Vehumet
Wu Jian
Xom
Yredelemnul
Zin
The Shining One
Beogh
Jiyva
Lugonu


Innate Abilities, Weirdness & Mutations

You have a pair of horns on your head.
You reflexively headbutt those who attack you in melee.


Message History

You kill the wolf!
You block the wolf's attack. The blink frog barely misses you.
You furiously retaliate!
You headbutt the blink frog!
Your Armour skill increases to level 11!
You block the wolf's attack. The blink frog barely misses you.
The blink frog hits you.
* * * LOW HITPOINT WARNING * * *
The blink frog blinks!
You hit the blink frog.
The blink frog is lightly wounded.
The blink frog blinks!
The blink frog hits you.
* * * LOW HITPOINT WARNING * * *
You block the necrophage's attack.
You slash the blink frog!
The blink frog is moderately wounded.
The blink frog blinks! x2
You hit the blink frog but do no damage.
The blink frog is moderately wounded.
The blink frog hits you.
* * * LOW HITPOINT WARNING * * *
The necrophage hits you.
* * * LOW HITPOINT WARNING * * *
You block the wolf's attack.
You barely miss the wolf. Your headbutt misses the wolf.
The wolf is moderately wounded.
You block the wolf's attack. You block the blink frog's attack.
The necrophage hits you but does no damage.
The wolf bites you but does no damage.
The blink frog blinks!
You closely miss the wolf.
The wolf is moderately wounded.
You block the wolf's attack. The necrophage hits you.
* * * LOW HITPOINT WARNING * * *
The blink frog blinks!
You hit the wolf.
The wolf is heavily wounded.
The wolf closely misses you. The wolf misses you.
The necrophage closely misses you. The wolf bites you.
* * * LOW HITPOINT WARNING * * *
The wolf bites you.
You die...

#)# #.....
#)###########.....
#.......#..#######
#.......#)######
#...#...#)#....#
#..###..#)#h...#
#§F.#...#.'F...+
#hn..F†.#(#....#
#@h.F...'.# F..#
########### ###


You could see 3 blink frogs, a necrophage and 2 wolves.

Vanquished Creatures
  A cyclops (D)
  2 floating eyes (D)
  A wolf (D)
  A gnoll sergeant (D)
  A scorpion (D)
  A crimson imp (D)
  A quasit (D)
  An orc priest (D)
  A jelly (D)
  5 gnolls (D)
  An ufetubus (D)
  3 orcs (D)
  A bat zombie (D)
  A giant cockroach (D)
21 creatures vanquished.

Notes
Turn   | Place    | Note
-------+----------+-------------------------------------------
     0 | D        | GigaChad the Minotaur Fighter began the quest for the Orb.
     0 | D        | Reached XP level 1. HP: 19/19 MP: 0/0
    11 | D        | Noticed a floating eye
    13 | D        | Killed a floating eye
    14 | D        | Reached XP level 2. HP: 34/34 MP: 1/1
    14 | D        | Reached XP level 3. HP: 39/39 MP: 2/2
    14 | D        | Reached XP level 4. HP: 47/47 MP: 3/3
    55 | D        | Found a bloodstained altar of Trog.
    55 | D        | Found a shimmering blue altar of Sif Muna.
    55 | D        | Found a viscous altar of Jiyva.
    55 | D        | Found a hazy altar of Hepliaklqana.
    55 | D        | Found an opulent altar of Gozag.
    56 | D        | Found a glowing golden altar of the Shining One.
    56 | D        | Found a glowing silver altar of Zin.
    56 | D        | Found a basalt altar of Yredelemnul.
    56 | D        | Found a shimmering altar of Xom.
    56 | D        | Found an ornate altar of the Wu Jian Council.
    56 | D        | Found a sacrificial altar of Ru.
    56 | D        | Found a stormy altar of Qazlal.
    56 | D        | Found an iron altar of Okawaru.
    56 | D        | Found a sparkling altar of Nemelex Xobeh.
    56 | D        | Found a burning altar of Makhleb.
    56 | D        | Found a blossoming altar of Fedhas.
    56 | D        | Found a white marble altar of Elyvilon.
    56 | D        | Found a shadowy altar of Dithmenos.
    56 | D        | Found a snail-covered altar of Cheibriados.
    58 | D        | Found a radiant altar of Vehumet.
    58 | D        | Found a corrupted altar of Lugonu.
    59 | D        | Found a hide-covered altar of Uskayaw.
    59 | D        | Found an ancient bone altar of Kikubaaqudgha.
    59 | D        | Found a broken altar of Ashenzari.
    69 | D        | Became a worshipper of Ashenzari the Shackled
    88 | D        | Noticed a floating eye
    90 | D        | Killed a floating eye
    91 | D        | Reached XP level 5. HP: 56/56 MP: 4/4
   123 | D        | Reached skill level 5 in Long Blades
   123 | D        | Reached XP level 6. HP: 63/66 MP: 5/5
   140 | D        | Reached skill level 10 in Fighting
   584 | D        | Noticed a cyclops
   592 | D        | Killed a cyclops
   593 | D        | Reached skill level 10 in Armour
   593 | D        | Reached skill level 1 in Dodging
   593 | D        | Reached skill level 10 in Shields
   593 | D        | Reached XP level 7. HP: 31/75 MP: 6/6
  1072 | D        | Noticed a blink frog
  1072 | D        | Noticed a blink frog
  1072 | D        | Noticed a blink frog
  1093 | D        | HP: 2/77 [necrophage (3)]
  1094 | D        | Slain by a wolf

Illustrated notes

Levels and vault maps discovered:
D:        pitsprint [storerooms_1, entrance_room_1, metal_vault_3, armoury_1,
          mini_pit_1, grid_room_1, main_hall_1, silver_pit, the_coven_3,
          the_vestibule_1, steel_vault_2, golden_pit, hallway_of_sentries,
          crystal_vault_1, iron_vault_2, final_vault]

Skill      XL: |  1  2  3  4  5  6  7 |
---------------+----------------------+-----
Fighting       | 7 8 9 11 | 11.7
Long Blades    | 3 4 5 8 9 |  9.4
Armour         | 7 8 9 10 11 | 11.0
Shields        | 6 8 9 10 | 10.9
Dodging        | 1 |  1.8

Action                   |  1- 3 |  4- 6 |  7- 9 || total
-------------------------+-------+-------+-------++-------
Melee: Headbutt          |     1 |     9 |     1 ||    11
       Long sword        |     1 |       |       ||     1
       Falchion          |       |    54 |    21 ||    75
Invok: Curse Item        |       |     1 |       ||     1
Armor: Scale mail        |       |    19 |     8 ||    27
Dodge: Dodged            |       |    19 |    10 ||    29
Block: Buckler           |       |    16 |     7 ||    23
